 Dungeon Crawl Stone Soup version 0.21-a0-110-g8e1637b (webtiles) character file.

575 Musica the Cudgeler (level 7, -5/54 HPs)
             Began as a Minotaur Gladiator on July 9, 2017.
             Was a Follower of Hepliaklqana.
             Killed by divine providence
             ... invoked by an orc priest
              (12 damage)
             ... on level 6 of the Dungeon.
             The game lasted 00:12:02 (3560 turns).

Musica the Cudgeler (Minotaur Gladiator)            Turns: 3560, Time: 00:12:02

Health: -5/54      AC:  4    Str: 19    XL:     7   Next: 12%
Magic:  6/6        EV: 14    Int:  5    God:    Hepliaklqana [*.....]
Gold:   261        SH:  0    Dex: 13    Spells: 6/6 levels left

rFire    + . .     SeeInvis .   a - +0 flail
rCold    + . .     Gourm    .   (no shield)
rNeg     . . .     Faith    .   b - +0 leather armour
rPois    .         Spirit   .   c - +1 hat
rElec    .         Reflect  .   p - scarf {rC+ rF+}
rCorr    .         Harm     .   (no gloves)
MR       .....                  (no boots)
Stlth    ++........             (no amulet)
HPRegen  0.18/turn              v - ring of stealth
MPRegen  0.10/turn              (no ring)

@: no status effects
A: retaliatory headbutt, reduced essence, horns 2
a: Recall Ancestor, Ancestor Identity, Renounce Religion


You were on level 6 of the Dungeon.
You worshipped Hepliaklqana.
Hepliaklqana was aware of your devotion.
You were not hungry.

You visited 2 branches of the dungeon, and saw 7 of its levels.

You collected 261 gold pieces.

Inventory:

Hand Weapons
 a - a +0 flail (weapon)
 s - a +0 hand crossbow
Missiles
 d - 3 throwing nets
 k - 6 silver tomahawks
 l - 5 tomahawks of dispersal (quivered)
 o - 12 poisoned needles
 w - 26 bolts
Armour
 b - a +0 leather armour (worn)
 c - a +1 hat (worn)
 j - a scarf of cloud immunity
 p - a scarf of resistance (worn)
Jewellery
 v - a ring of stealth (left hand)
Wands
 q - a wand of paralysis (16/24)
Scrolls
 i - 2 scrolls of identify
 m - a scroll of enchant weapon {unknown}
 n - 4 scrolls of teleportation
 u - a scroll of enchant armour
 x - a scroll of fear {unknown}
 y - 2 scrolls of noise {unknown}
 A - a scroll of recharging {unknown}
Potions
 e - a potion of flight {unknown}
 g - 2 potions of mutation {unknown}
 h - a potion of heal wounds {unknown}
 r - a potion of haste {unknown}
 z - a potion of curing {unknown}
 C - a potion of lignification {unknown}
Comestibles
 f - 2 bread rations
 t - a chunk of flesh
 B - 2 meat rations


   Skills:
 + Level 4.7 Fighting
 + Level 7.9 Maces & Flails
 + Level 1.6 Crossbows
 + Level 2.0 Throwing
 + Level 4.6 Dodging


You had 6 spell levels left.
You didn't know any spells.

Dungeon Overview and Level Annotations

Branches:
Dungeon (6/15)             Temple (1/1) D:4

Altars:
Ashenzari
Cheibriados
Elyvilon
Fedhas
Gozag
Hepliaklqana
Kikubaaqudgha
Makhleb
Nemelex Xobeh
Qazlal
Ru
Sif Muna
Trog
Wu Jian
Xom
The Shining One

Annotations:
D:5 soonmide's ghost, novice OpAr


Innate Abilities, Weirdness & Mutations

You reflexively headbutt those who attack you in melee.
You have a pair of horns on your head.
Your life essence is reduced to manifest your ancestor. (-10% HP)


Message History

Beogh smites you!
You are too injured to fight recklessly!
You are too injured to fight recklessly!
You are too injured to fight recklessly!
Unknown command.
You are too injured to fight recklessly!
You are too injured to fight recklessly!
You sock the orc!
You kill the orc!
You hit the crimson imp. You headbutt the crimson imp.
The crimson imp is severely wounded.
The crimson imp hits you.
The orc priest calls down the wrath of Beogh upon you.
Beogh smites you!
* * * LOW HITPOINT WARNING * * *
You sock the crimson imp!
You kill the crimson imp!
The orc priest invokes the aid of Beogh against you.
Beogh smites you!
You die...

#.............
#...........(. .
#............_ =.
#............. ..(
#............. ....
#............. .....
#.............
......#####.............
....ooo@R.'.............
.....o#####.............
..... #.[...........
#### ##############


You could see the friendly Inhapi the ancestor, an orc warrior, an orc priest
and 2 orcs.

Vanquished Creatures
  2 ogres
  A bullfrog (D:6)
  A crimson imp (D:6)
  A centaur skeleton (D:4)
  An orc priest (D:3)
  Jessica (D:2)
  An iguana (D:6)
  2 worker ants (D:4)
  A worker ant zombie (D:5)
  4 adders
  A howler monkey skeleton (D:4)
  2 worms
  2 dart slugs
  11 orcs
  6 giant cockroaches
  5 goblins
  8 hobgoblins
  9 jackals (D:3)
  3 kobolds
  A quokka (D:4)
  A ball python (D:1)
  4 bats
  6 frilled lizards
  5 rats
79 creatures vanquished.

Vanquished Creatures (others)
  2 ancestors (D:5)
2 creatures vanquished.

Grand Total: 81 creatures vanquished

Notes
Turn   | Place    | Note
-------+----------+-------------------------------------------
     0 | D:1      | Musica the Minotaur Gladiator began the quest for the Orb.
     0 | D:1      | Reached XP level 1. HP: 18/18 MP: 0/0
   165 | D:1      | Reached XP level 2. HP: 19/25 MP: 1/1
   189 | D:1      | Reached skill level 4 in Maces & Flails
   706 | D:2      | Noticed Jessica
   708 | D:2      | Killed Jessica
   708 | D:2      | Reached XP level 3. HP: 28/31 MP: 2/2
   905 | D:3      | Reached skill level 5 in Maces & Flails
  1165 | D:3      | Found a faded altar of an unknown god.
  1185 | D:3      | Reached XP level 4. HP: 33/38 MP: 3/3
  1650 | D:3      | Reached XP level 5. HP: 23/45 MP: 4/4
  1824 | D:4      | Found a staircase to the Ecumenical Temple.
  1826 | D:4      | Noticed an ogre
  1834 | D:4      | Killed an ogre
  1834 | D:4      | Reached skill level 6 in Maces & Flails
  2157 | D:4      | Reached XP level 6. HP: 40/52 MP: 5/5
  2293 | Temple   | Entered the Ecumenical Temple
  2417 | Temple   | Became a worshipper of Hepliaklqana the Forgotten
  2463 | D:4      | Reached skill level 7 in Maces & Flails
  2757 | D:5      | Entered Level 5 of the Dungeon
  2794 | D:5      | Reached * piety under Hepliaklqana
  2896 | D:5      | Reached skill level 1 in Crossbows
  2926 | D:6      | Found an ornate altar of the Wu Jian Council.
  2948 | D:5      | Noticed soonmide's ghost (novice OpAr)
  2956 | D:5      | HP: 2/47 [soonmide's ghost (12)]
  3510 | D:6      | Reached XP level 7. HP: 41/54 MP: 6/6
  3560 | D:6      | Killed from afar by an orc priest

Vault maps used:
D:1:      dpeg_arrival_radiant
D:2:      minmay_misc_feat_diagonals, uniq_jessica
D:3:      chequers_ecumenical_altar_simple
D:4:      minmay_temple_entry_statues, hangedman_decor_growths,
          minmay_misc_feat_chi
D:5:      nicolae_dithmenos_shadow_blocks, kennysheep_little_box, first_bread
D:6:      gammafunk_wand_slinger, overflow_temple_1_default,
          chequers_temple_overflow_statue_of_worship, glass_columns_a
Temple:   regret_index_temple_waves

Skill      XL: |  1  2  3  4  5  6 |
---------------+-------------------+-----
Fighting       | 3 4 |  4.7
Maces & Flails | 4 5 6 7 |  7.9
Dodging        | 4 |  4.6
Crossbows      | 1 |  1.6
Throwing       | |  2.0

Action                   |  1- 3 |  4- 6 |  7- 9 || total
-------------------------+-------+-------+-------++-------
Melee: Flail             |    61 |    84 |    10 ||   155
       Headbutt          |     9 |    15 |     1 ||    25
 Fire: Hand crossbow     |       |    16 |       ||    16
Throw: Tomahawk          |       |       |     3 ||     3
  Use: Scroll            |       |     7 |       ||     7
 Stab: Sleeping          |       |       |     1 ||     1
  Eat: Chunk             |     1 |     5 |       ||     6
       Fruit             |       |     3 |       ||     3
Armor: Leather armour    |    13 |    10 |     1 ||    24
Dodge: Dodged            |    37 |    61 |     5 ||   103
